 Dungeon Crawl Stone Soup version 0.30-a0-568-g124715a40b (webtiles) character file.

Game seed: 5290658250163518700

94 bande the Shield-Bearer (level 4, -2/29 HPs)
             Began as a Gargoyle Fighter on Dec 29, 2022.
             Slain by an orc
             ... wielding a +0 flail
              (4 damage)
             ... on level 3 of the Dungeon.
             The game lasted 00:02:09 (1703 turns).

bande the Shield-Bearer (Gargoyle Fighter)          Turns: 1703, Time: 00:02:10

Health: -2/29      AC: 12    Str: 20    XL:     4   Next: 63%
Magic:  4/4        EV:  7    Int:  8    God:
Gold:   133        SH:  4    Dex: 11    Spells: 3/3 levels left

rFire   . . .      SeeInvis .    a - +0 war axe
rCold   . . .      Faith    .    c - +0 buckler
rNeg    + . .      Spirit   .    j - +0 chain mail
rPois   ∞          Reflect  .    (no helmet)
rElec   +          Harm     .    (no cloak)
rCorr   .          Rampage  .    (no gloves)
Will    .....                    (no boots) Stlth
                                 (no amulet)
HPRegen 0.24/turn                (no ring)
MPRegen 0.09/turn                (no ring)

@: no status effects
A: sickness immunity, AC +3, negative energy resistance 1, electricity
resistance, torment resistance 1, petrification resistance
a: no special abilities


You were on level 3 of the Dungeon.
You visited 1 branch of the dungeon, and saw 3 of its levels.

You collected 133 gold pieces.

Inventory:

Hand Weapons
 a - a +0 war axe (weapon)
 q - a +0 flail
Armour
 c - a +0 buckler (worn)
 j - a +0 chain mail (worn)
Wands
 n - a wand of paralysis (10)
Scrolls
 b - a scroll of teleportation {unknown}
 e - a scroll of identify {unknown}
 k - a scroll of enchant weapon {unknown}
 p - a scroll of magic mapping {unknown}
Potions
 d - 2 potions of might
 f - a potion of lignification {unknown}
 g - a potion of cancellation {unknown}
 h - a potion of haste {unknown}
 i - 3 potions of curing {unknown}
 l - 2 potions of attraction {unknown}
 m - a potion of degeneration {unknown}
 o - a potion of ambrosia {unknown}


   Skills:
 + Level 3.8 Fighting
 + Level 3.1 Axes
 + Level 3.8 Armour
 - Level 0.2 Dodging
 + Level 3.8 Shields
 * Level 0.1 Evocations


You had 3 spell levels left.
You didn't know any spells.
Your spell library contained the following spells:

 Spells                   Type           Power      Damage    Failure   Level
 Blink                    Tloc           0%         N/A       100%        2
 Summon Guardian Golem    Hex/Summ       0%         N/A       100%        3
 Manifold Assault         Tloc           0%         N/A       100%        4
 Orb of Destruction       Conj           0%         9d5       100%        7
 Spellforged Servitor     Conj/Summ      0%         N/A       100%        7
 Storm Form               Tmut/Air       0%         N/A       100%        7


Dungeon Overview and Level Annotations

Branches:
Dungeon (3/15)

Altars:
Kikubaaqudgha

Shops:
D:1 ?


Innate Abilities, Weirdness & Mutations

You are immune to sickness and miasma.
Your stone body is resilient. (AC +3)
You are immune to poison.
You resist negative energy. (rN+)
You are resistant to electric shocks. (rElec)
You are resistant to unholy torment.
You are immune to petrification.


Message History

The orc wizard casts a spell.
The orc wizard flickers and vanishes!
Something hits you. The orc hits you but does no damage.
You are too injured to fight recklessly!
You are too injured to fight recklessly!
You are too injured to fight recklessly!
You are too injured to fight recklessly!
You are too injured to fight recklessly!
You are too injured to fight recklessly!
You are too injured to fight recklessly!
You are too injured to fight recklessly!
Unknown command.
You closely miss something. You barely miss the orc.
You hear some strange, mumbled words.
A puff of flame appears from out of thin air!
The puff of flame hits something!
The orc barely misses you.
You hear some strange, mumbled words.
A magic dart appears from out of thin air!
The magic dart hits you but does no damage.
Unknown command.
You hit something. You closely miss the orc. The orc barely misses you.
You block something's attack. The orc barely misses you.
You miss something. You completely miss the orc. You miss something.
Something hits you but does no damage. The orc closely misses you.
Something hits you but does no damage.
Unknown command.
You closely miss something. x2; You closely miss the orc.
Something hits you but does no damage. The orc closely misses you.
Something hits you but does no damage. x2
You hear some strange, mumbled words.
A puff of flame appears from out of thin air!
The puff of flame hits you!
* * * LOW HITPOINT WARNING * * *
You block the orc's attack.
Unknown command.
You hit something but do no damage. You hit the orc but do no damage.
You miss something. Something hits you.
* * * LOW HITPOINT WARNING * * *
The orc hits you with a +0 flail.
You die...

#...... #.# #.###..
... ##.###.. #.#
........ #.#
######.. #.# #.<
#.# ........
#######{#######
#.###...
......o@{.....# #.#
#...
.?#####.#####.###.#
##..
..................#
##.
..#####.####......#
##.
#.###.#.#...####.#
#................†
#.###.#.#...######
#.# ##...#.## # #.#
##.##.# #


You could see an orc.

Vanquished Creatures
  A hound (D:3)
  An adder (D:2)
  A worm (D:2)
  3 orcs (D:3)
  6 endoplasms
  2 giant cockroaches (D:1)
  9 goblins
  4 hobgoblins
  3 quokkas
  5 ball pythons
  3 bats
  2 frilled lizards
  4 kobolds
  2 rats (D:1)
46 creatures vanquished.

Notes
Turn   | Place    | Note
-------+----------+-------------------------------------------
     0 | D:1      | bande the Gargoyle Fighter began the quest for the Orb.
     0 | D:1      | Reached XP level 1. HP: 14/14 MP: 1/1
    61 | D:1      | Reached XP level 2. HP: 15/19 MP: 2/2
   318 | D:1      | Found Ciede's Magic Scroll Emporium.
   429 | D:1      | Reached XP level 3. HP: 21/23 MP: 3/3
   931 | D:2      | Found an ancient bone altar of Kikubaaqudgha.
  1513 | D:3      | Reached XP level 4. HP: 25/29 MP: 4/4
  1703 | D:3      | Slain by an orc

Illustrated notes

Levels and vault maps discovered:
D:1:      psy_arrival_terrarium, layout_basic, serial_shops,
          nicolae_shop_statue_plus
D:2:      layout_basic, basic_altar, kennysheep_decorative_pillar,
          chequers_serial_rivers_small_3, serial_bayou_pond_a
D:3:      layout_loops_ring, gammafunk_ghost_grave,
          wander_ebering_terrifying_dragon_lair

Skill      XL: |  1  2  3 |
---------------+----------+-----
Axes           | 2 3 |  3.1
Fighting       | |  3.8
Armour         | |  3.8
Dodging        | |  0.2
Shields        | |  3.8
Evocations     | |  0.1

Action                   |  1- 3 |  4- 6 || total
-------------------------+-------+-------++-------
Melee: War axe           |   110 |    21 ||   131
Armor: Scale mail        |    44 |       ||    44
       Chain mail        |    21 |    14 ||    35
Dodge: Dodged            |    36 |    16 ||    52
Block: Buckler           |    19 |     9 ||    28

Table legend: (Time is in decaauts)
 A = Elapsed time spent in this place.
 B = Non-inter-level travel time spent in this place.
 C = Inter-level travel time spent in this place.
 D = Time resting spent in this place.
 E = Time spent auto-exploring this place.
 F = Levels seen in this place.
 G = Mean time per level.
                   A        B        C        D        E       F      G
               +--------+--------+--------+--------+--------+-----+--------+
         Total |   1759 |   1731 |     28 |      0 |   1386 |   3 |  586.3 |
       Dungeon |   1759 |   1731 |     28 |      0 |   1386 |   3 |  586.3 |
               +--------+--------+--------+--------+--------+-----+--------+

Top non-repeatable levels by time:
     D:2: 871 daAuts
     D:1: 651 daAuts
     D:3: 236 daAuts
